 Dungeon Crawl Stone Soup version 0.24-a0-41-gf098211c9e (webtiles) character file.

Game seed: 10131186176318822418

550 Flugslaktarn the Chopper (level 7, -8/64 HPs)
             Began as a Deep Dwarf Fighter on Feb 3, 2019.
             Was an Initiate of Makhleb.
             Mangled by Pikel
             ... wielding a +2 whip of electrocution
              (18 damage)
             ... on level 5 of the Dungeon.
             The game lasted 00:01:43 (1449 turns).

Flugslaktarn the Chopper (Deep Dwarf Fighter)       Turns: 1449, Time: 00:01:43

Health: -8/64      AC: 15    Str: 21    XL:     7   Next: 7%
Magic:  7/7        EV:  5    Int:  9    God:    Makhleb [......]
Gold:   139        SH: 10    Dex: 12    Spells: 6/6 levels left

rFire    . . .     SeeInvis .   a - +0 war axe
rCold    . . .     Gourm    .   c - +0 shield
rNeg     . . .     Faith    .   n - +0 chain mail
rPois    .         Spirit   .   m - +1 helmet
rElec    .         Reflect  .   g - +2 cloak
rCorr    .         Harm     .   (no gloves)
MR       +....                  (no boots)
Stlth    ..........             (no amulet)
HPRegen  0.00/turn              (no ring)
MPRegen  0.10/turn              (no ring)

@: non-regenerating
A: damage resistance, heal wounds, sense surroundings 1, no regeneration
a: Heal Wounds, Renounce Religion


You were on level 5 of the Dungeon.
You worshipped Makhleb.
Makhleb was noncommittal.
You were not hungry.

You visited 2 branches of the dungeon, and saw 6 of its levels.

You collected 139 gold pieces.

Inventory:

Hand Weapons
 a - a +0 war axe (weapon)
Armour
 c - a +0 shield (worn)
 g - a +2 cloak (worn)
 m - a +1 helmet (worn)
 n - a +0 chain mail (worn)
Scrolls
 b - 2 scrolls of blinking {unknown}
 e - a scroll of identify {@r1}
 h - a scroll of fear
 j - a scroll of immolation
 k - a scroll of teleportation {@r3}
 l - a scroll of enchant armour
 p - a scroll of remove curse {unknown}
Potions
 d - 2 potions of might {@q4}
 i - a potion of berserk rage {unknown}
 o - a potion of lignification {unknown}
Comestibles
 f - 6 rations {@e1}


   Skills:
 + Level 4.1 Fighting
 * Level 5.6 Axes
 + Level 4.9 Armour
 + Level 4.9 Shields


You had 6 spell levels left.
You didn't know any spells.
Your spell library was empty.

Dungeon Overview and Level Annotations

Branches:
Dungeon (5/15)             Temple (1/1) D:4

Altars:
Cheibriados
Dithmenos
Elyvilon
Fedhas
Gozag
Hepliaklqana
Kikubaaqudgha
Makhleb
Nemelex Xobeh
Okawaru
Qazlal
Ru
Xom

Shops:
D:4 :

Annotations:
D:5 Pikel


Innate Abilities, Weirdness & Mutations

You are resistant to damage.
You can heal yourself by infusing magical energy.
You passively map a small area around you.
You do not regenerate.


Message History

Pikel hits you but does no damage.
You are electrocuted!
Pikel hits you with a +2 whip of electrocution.
You feel much better.
Pikel hits you with a +2 whip of electrocution.
You hit Pikel but do no damage.
Pikel is lightly wounded.
You are no longer corroded.
Pikel hits you but does no damage.
Your shield and chain mail prevent you from hitting Pikel.
Pikel is lightly wounded.
Pikel hits you with a +2 whip of electrocution.
You are electrocuted!
You hit Pikel.
Pikel is moderately wounded.
Pikel hits you but does no damage.
You are electrocuted!!
* * * LOW HITPOINT WARNING * * *
Pikel hits you with a +2 whip of electrocution.
* * * LOW HITPOINT WARNING * * *
You are electrocuted!!
You die...

.# #.# ..# .######
*,#.# ##..# .....).
#.# ..... .#### ,
....... , .#
#.####.#..#
.##########.....pppS#
.........# * #p#
...#####.#######K#
##.#####........@#
#..................#
####################


You could see Pikel and 3 slaves.

Vanquished Creatures
  An ogre (D:4)
  2 scorpions (D:4)
  2 orc priests
  A centaur skeleton (D:4)
  A jelly (D:5)
  A hound (D:4)
  2 orc wizards (D:4)
  A worker ant (D:4)
  A hound zombie (D:5)
  Robin (D:2)
  4 adders
  2 dart slugs
  2 leopard geckos (D:4)
  11 orcs
  2 ball pythons (D:4)
  7 bats
  2 giant cockroaches (D:1)
  13 goblins
  9 hobgoblins
  A quokka (D:4)
  A ball python skeleton (D:5)
  2 frilled lizards
  2 kobolds
  A rat (D:2)
72 creatures vanquished.

Notes
Turn   | Place    | Note
-------+----------+-------------------------------------------
     0 | D:1      | Flugslaktarn the Deep Dwarf Fighter began the quest for the
                  | Orb.
     0 | D:1      | Reached XP level 1. HP: 20/20 MP: 1/1
   175 | D:1      | Reached XP level 2. HP: 21/27 MP: 2/2
   260 | D:2      | Noticed Robin
   270 | D:2      | Killed Robin
   270 | D:2      | Reached skill level 3 in Axes
   270 | D:2      | Reached XP level 3. HP: 18/34 MP: 3/3
   427 | D:3      | Reached XP level 4. HP: 18/42 MP: 4/4
   635 | D:4      | Found Caymix's Book Emporium.
   719 | D:4      | Found a hazy altar of Hepliaklqana.
   731 | D:4      | Reached skill level 4 in Axes
   731 | D:4      | Reached XP level 5. HP: 36/49 MP: 5/5
   766 | D:4      | Found a staircase to the Ecumenical Temple.
   794 | Temple   | Entered the Ecumenical Temple
   876 | Temple   | Became a worshipper of Makhleb the Destroyer
  1047 | D:4      | Reached XP level 6. HP: 44/57 MP: 6/6
  1138 | D:4      | Reached skill level 5 in Axes
  1391 | D:5      | Entered Level 5 of the Dungeon
  1426 | D:5      | Noticed Pikel
  1427 | D:5      | Noticed a slave
  1427 | D:5      | Noticed a slave
  1427 | D:5      | Noticed a slave
  1428 | D:5      | Noticed a water moccasin
  1428 | D:5      | Noticed a slave
  1435 | D:5      | Reached XP level 7. HP: 41/64 MP: 7/7
  1449 | D:5      | Mangled by Pikel

Vault maps used:
D:1:      kennysheep_arrival_forest
D:2:      makhleb_heckhound_becter, uniq_robin
D:4:      old_standard_altar, minmay_temple_entry_stoned_glass, serial_shops,
          shop_fountains, minivault_23
D:5:      zin_treasury, first_ration, serial_shops, shop, tgw_fedhas, uniq_pikel
Temple:   nicolae_temple_elliptical

Skill      XL: |  1  2  3  4  5  6 |
---------------+-------------------+-----
Fighting       | 3 4 |  4.1
Axes           | 3 4 5 |  5.6
Armour         | 4 |  4.9
Shields        | 4 |  4.9

Action                   |  1- 3 |  4- 6 |  7- 9 || total
-------------------------+-------+-------+-------++-------
Melee: War axe           |    72 |   142 |    10 ||   224
 Abil: Heal Wounds       |     1 |     5 |     1 ||     7
  Use: Scroll            |       |     5 |       ||     5
  Eat: Chunk             |       |     2 |       ||     2
Armor: Scale mail        |    66 |       |       ||    66
       Chain mail        |    22 |    93 |    11 ||   126
Dodge: Dodged            |    38 |    36 |     1 ||    75
Block: Shield            |    73 |    78 |     2 ||   153

Table legend:
 A = Non-vault XP
 B = Vault XP
 C = Vault XP percentage of total XP
 D = Non-vault monster count
 E = Vault monster count
 F = Vault count percentage of total count
                 A         B        C        D         E       F
            +---------+---------+-------+---------+---------+-------
      Total |     748 |      38 |   4.8 |      59 |      13 |  18.1
            +---------+---------+-------+---------+---------+-------
        D:1 |      17 |       0 |   0.0 |      10 |       0 |   0.0
        D:2 |      27 |      38 |  58.5 |       9 |      13 |  59.1
        D:3 |      88 |       0 |   0.0 |      15 |       0 |   0.0
        D:4 |     550 |       0 |   0.0 |      22 |       0 |   0.0
        D:5 |      66 |       0 |   0.0 |       3 |       0 |   0.0
            +---------+---------+-------+---------+---------+-------
